 Dungeon Crawl Stone Soup version 0.28-b1-25-g9875b3f (webtiles) character file.

Game seed: 18307304458978076793

179190 Host24 the Kobold Arbalest (level 18, -4/118 HPs)
             Began as a Kobold Hunter on Feb 2, 2022.
             Was a High Priest of Okawaru.
             Slain by an anaconda (8 damage)
             ... on level 4 of the Snake Pit.
             The game lasted 03:21:57 (49274 turns).

Host24 the Kobold Arbalest (Kobold Hunter)         Turns: 49274, Time: 03:21:58

Health: -4/118     AC: 25    Str: 19    XL:     18   Next: 90%
Magic:  41/43      EV: 17    Int: 24    God:    Okawaru [*****.]
Gold:   2896       SH:  5    Dex: 26    Spells: 26/26 levels left

rFire   . . .      SeeInvis +   U - +5 triple crossbow of Somaadodd {elec, *Slow MP+9 Int+7}
rCold   . . .      Faith    .   (shield currently unavailable)
rNeg    . . .      Spirit   .   a - +7 storm dragon scales of Febes {rElec Str+3}
rPois   +          Reflect  +   n - +1 hat of Daygomit {+Blink Str+3}
rElec   +          Harm     .   o - +0 cloak {Stlth+}
rCorr   +          Rampage  .   u - +0 pair of gloves {infuse}
Will    ++...                   F - +0 pair of boots
Stlth   +.........              C - amulet of reflection
HPRegen 0.29/turn               x - ring of the Hungering Priest {rElec rCorr MP+9 Dex-2 SInv}
MPRegen 0.28/turn               T - ring of Entrepreneurial Spirit {rPois Will+ rCorr Int+4 Dex+9}

@: about to teleport, finesse-ful, constricted
A: small, no large weapons, nightstalker 3
a: Renounce Religion, Evoke Blink, Heroism, Finesse, Duel


You were on level 4 of the Snake Pit.
You worshipped Okawaru.
Okawaru was extremely pleased with you.
You visited 5 branches of the dungeon, and saw 28 of its levels.

You collected 2896 gold pieces.

Inventory:

Hand Weapons
 U - the +5 triple crossbow of Somaadodd (weapon) {elec, *Slow MP+9 Int+7}
   (Okawaru gifted it to you on level 6 of the Lair of Beasts)

   Any ammunition fired from it occasionally discharges a powerful burst of
   electricity upon striking a foe.
   Int:       It affects your intelligence (+7).
   MP:        It affects your magic capacity (+9).
   *Slow:     It may slow you when you take damage.
 W - the +7 staff of the Meek {protect, meekguard}
   (You found it on level 11 of the Dungeon)

   It grants its wielder temporary protection when it strikes (+7 to AC).
   It provides extra protection to wielders with little health.
Missiles
 c - 35 arrows
 d - 494 bolts (quivered ammo)
 g - 1151 stones
Armour
 a - the +7 storm dragon scales of Febes (worn) {rElec Str+3}
   (Okawaru gifted it to you on level 11 of the Dungeon)

   Str:       It affects your strength (+3).
   rElec:     It insulates you from electricity.
 n - the +1 hat of Daygomit (worn) {+Blink Str+3}
   (You found it on level 1 of the Orcish Mines)

   Str:       It affects your strength (+3).
   +Blink:    It lets you blink.
 o - a +0 cloak of stealth (worn)
 u - a +0 pair of gloves of infusion (worn)
 F - a +0 pair of boots (worn)
Jewellery
 j - an amulet of magic regeneration
 k - a ring of willpower
 r - a ring of protection from cold
 x - the ring of the Hungering Priest (left hand) {rElec rCorr MP+9 Dex-2 SInv}
   (You found it on level 15 of the Dungeon)

   [ring of resist corrosion]

   Dex:       It affects your dexterity (-2).
   rElec:     It insulates you from electricity.
   MP:        It affects your magic capacity (+9).
   SInv:      It lets you see invisible.
   rCorr:     It protects you from acid and corrosion.
 C - an amulet of reflection (around neck)
 I - the ring "Beelekh" {rPois rC+ Str+6 Int+7}
   (You found it on level 15 of the Dungeon)

   [ring of strength]

   Str:       It affects your strength (+6).
   Int:       It affects your intelligence (+7).
   rC:        It protects you from cold.
   rPois:     It protects you from poison.
 T - the ring of Entrepreneurial Spirit (right hand) {rPois Will+ rCorr Int+4 Dex+9}
   (You found it on level 15 of the Dungeon)

   [ring of resist corrosion]

   Int:       It affects your intelligence (+4).
   Dex:       It affects your dexterity (+9).
   rPois:     It protects you from poison.
   rCorr:     It protects you from acid and corrosion.
   Will:      It increases your willpower.
 V - a ring of fire
 Y - a ring of protection from fire
Wands
 l - a wand of iceblast (19)
 s - a wand of mindburst (9)
 y - a wand of acid (20)
 M - a wand of flame (56)
 Q - a wand of paralysis (8)
 S - a wand of polymorph (13)
Scrolls
 e - 3 scrolls of identify
 h - 3 scrolls of immolation
 m - 2 scrolls of blinking
 v - 4 scrolls of teleportation
 B - 3 scrolls of magic mapping
 L - 3 scrolls of fog
 P - 2 scrolls of holy word
Potions
 b - a potion of cancellation
 f - 2 potions of curing
 i - a potion of berserk rage
 p - 5 potions of might
 q - 3 potions of flight
 A - 2 potions of haste
 O - a potion of ambrosia
 R - 2 potions of resistance
Miscellaneous
 w - a tin of tremorstones (2/2)
 Z - a phial of floods


   Skills:
 + Level 14.9 Fighting
 O Level 27 Crossbows
 - Level 8.0 Armour
 - Level 13.2 Dodging
 - Level 1.3 Stealth
 - Level 4.7 Spellcasting
 - Level 4.7 Hexes
 - Level 4.6 Translocations
 - Level 9.0 Invocations


You had 26 spell levels left.
You didn't know any spells.
Your spell library contained the following spells:

 Spells                   Type           Power      Damage    Failure   Level
 Blink                    Tloc           56%        N/A       17%         2
 Gell's Gravitas          Tloc           28%        N/A       34%         3
 Lesser Beckoning         Tloc           28%        N/A       34%         3
 Teleport Other           Tloc           28%        N/A       34%         3
 Ensorcelled Hibernation  Hex/Ice        32%        N/A       41%         2
 Magic Dart               Conj           20%        1d4       61%         1
 Dazzling Flash           Conj/Hex       32%        N/A       65%         3
 Corpse Rot               Necr/Air       10%        N/A       75%         2
 Passwall                 Tmut/Erth      4%         N/A       75%         2
 Poisonous Vapours        Pois/Air       10%        N/A       75%         2
 Searing Ray              Conj           10%        2d4       75%         2
 Cause Fear               Hex            14%        N/A       75%         4
 Frozen Ramparts          Ice            10%        1d3       93%         3
 Mephitic Cloud           Conj/Pois/Air  5%         N/A       93%         3
 Swiftness                Air            5%         N/A       93%         3
 Fulminant Prism          Conj/Hex       8%         3d7       96%         4
 Manifold Assault         Tloc           28%        N/A       97%         5
 Ice Form                 Ice/Tmut       5%         N/A       100%        4
 Agony                    Necr           5%         N/A       100%        5
 Silence                  Hex/Air        8%         N/A       100%        5
 Dispersal                Tloc           14%        N/A       100%        6
 Dragon Form              Tmut           2%         N/A       100%        7
 Storm Form               Tmut/Air       2%         N/A       100%        7
 Call Imp                 Summ           Unusable   N/A       N/A         2
 Summon Ice Beast         Ice/Summ       Unusable   N/A       N/A         4
 Dragon's Call            Summ           Unusable   N/A       N/A         9

Dungeon Overview and Level Annotations

Branches:
Dungeon (15/15)            Temple (1/1) D:4            Lair (6/6) D:8
  Swamp (0/4) Lair:4        Snake (4/4) Lair:3        Slime (0/5) Lair:5
    Orc (2/2) D:9             Elf (0/3) Orc:2        Vaults (0/5) D:13
 Depths (0/4) D:15

Altars:
Ashenzari
Cheibriados
Dithmenos
Elyvilon
Fedhas
Gozag
Hepliaklqana
Kikubaaqudgha
Makhleb
Nemelex Xobeh
Okawaru
Qazlal
Ru
Sif Muna
Trog
Uskayaw
Vehumet
Wu Jian
Xom
Yredelemnul
Zin
The Shining One
Beogh
Jiyva

Shops:
D:9 [   D:11 :   D:15 ::=   Orc:1 (   Orc:2 (?=*[   Snake:1 :=:

Portals:
Pandemonium: Orc:2

Annotations:
D:5 2 transporters, Eustachio; PaxSuburbia's ghost, weakling BaDe
D:8 2 transporters, exclusion: ice statue, Radamante's ghost, journeyman TrFi
D:15 2 transporters
Snake:2 Vashnia


Innate Abilities, Weirdness & Mutations

You are small and have problems with some larger weapons.
You are completely attuned to the shadows.


Message History

The salamander wields a +0 shortbow of flaming.
It bursts into flame!
The salamander shoots an arrow.
The arrow hits you!
* * * LOW HITPOINT WARNING * * *
The arrow burns you.
* * * LOW HITPOINT WARNING * * *
The salamander closely misses you. The anaconda grabs you.
The anaconda bites you but does no damage.
The anaconda constricts you.
* * * LOW HITPOINT WARNING * * *
The naga warrior roars a battlecry!
The salamanders go into a battle-frenzy!
You escape the anaconda's grasp.
The naga warrior roars a battlecry!
The anaconda closely misses you. The anaconda barely misses you.
The salamander closely misses you. The anaconda grabs you.
The anaconda barely misses you. The anaconda constricts you.
There is a stone staircase leading up here.
The anaconda's grasp on you weakens, but your attempt to escape fails.
The anaconda bites you but does no damage.
The anaconda constricts you.
The salamander hits you from afar with a +0 trident.
* * * LOW HITPOINT WARNING * * *
You are engulfed in flames!
* * * LOW HITPOINT WARNING * * *
The anaconda misses you. The anaconda constricts you.
Okay, then.
Okay, then.
As you read the scroll of teleportation, it crumbles to dust.
You feel strangely unstable. The anaconda misses you.
The anaconda constricts you.
* * * LOW HITPOINT WARNING * * *
A salamander mystic comes into view. It is wielding a +1 dagger of speed.
The salamander hits you from afar with a +0 trident.
* * * LOW HITPOINT WARNING * * *
You are engulfed in flames!
* * * LOW HITPOINT WARNING * * *
The salamander unwields a +0 shortbow of flaming.
It stops flaming.
The salamander misses you. The anaconda bites you!
You die...

.... ##...###.###..... .....#
###....'.....#..... ......
###......'^....#.....
......###.'#####.#.....#....#
......(.N.[)...#.####..#..).#
......#........#....####...##
....#.#..NN))<.#.....[.....#
....N##....N..##...........##
.....#.....S@.#.............#
.....##########..............
.............................
...........###.....###)......
......N....#.##'#### #######.
......(....#.....#.#### #.
.......N..#.....#....# #.
.......##.....#....# ##.
(.....N#......#'#.## #..


You could see a naga warrior, a salamander mystic (strong), 2 salamanders and an
anaconda.

Vanquished Creatures
  Gastronok (Lair:2)
  Frances (D:13)
  A nagaraja (Snake:2)
  Donald (Orc:2)
  A frost giant (D:15)
  A very ugly thing (D:15)
  2 stone giants (D:15)
  Nessos (Lair:6)
  Azrael (Orc:2)
  Snorg (Lair:3)
  Josephine (Orc:2)
  10 hydras
  2 boulder beetles
  6 naga warriors
  2 salamander tyrants (Snake:3)
  4 vault guards (D:15)
  A rakshasa (D:15)
  13 centaur warriors
  2 demonspawn (Orc:2)
  5 ogre magi
  10 anacondas
  3 death yaks (Lair:6)
  4 catoblepae
  4 tengu warriors
  7 two-headed ogres
  9 shock serpents
  12 naga sharpshooters
  Urug (Lair:2)
  8 orc high priests (Orc:2)
  A sun demon (Orc:2)
  A deep elf knight (D:15)
  Nergalle (Lair:2)
  A fire crab (D:15)
  3 salamander mystics
  9 skeletal warriors
  A steelbarb worm (shapeshifter) (D:15)
  A flayed ghost (D:15)
  A naga ritualist (Snake:2)
  2 lindwurms (Lair:6)
  Pikel (D:7)
  2 deep elf zephyrmancers (Orc:1)
  9 orc knights
  6 mana vipers
  2 wizards (D:15)
  2 deep elf pyromancers
  3 orc sorcerers (Orc:2)
  5 manticores
  3 ugly things
  2 wolf spiders (Lair:6)
  14 salamanders
  6 cyclopes
  16 elephants
  32 black mambas
  A torpor snail (Lair:5)
  22 cane toads
  Maurice (Orc:2)
  9 guardian serpents
  A smoke demon (Orc:2)
  16 naga magi
  A black mamba (shapeshifter) (D:14)
  A gargoyle (D:13)
  5 kobold demonologists
  3 rime drakes (Lair:6)
  A yaktaur (D:15)
  2 komodo dragons (shapeshifter)
  Maggie (D:7)
  3 efreet (D:15)
  A yaktaur (shapeshifter) (D:15)
  5 komodo dragons
  3 trolls
  5 meliai
  2 polar bears (Lair:6)
  2 hornets (Lair:6)
  A wolf spider simulacrum (D:15)
  21 slime creatures
  6 dream sheep (Lair:6)
  15 blink frogs
  A jumping spider (shapeshifter) (D:15)
  A spriggan (Lair:5)
  A ynoxinul (Orc:2)
  A shadow (D:9)
  6 wraiths
  37 yaks
  20 wyverns
  2 fire elementals (Orc:2)
  10 basilisks
  3 redbacks (Lair:6)
  13 vampire mosquitoes
  2 steam dragons
  5 wargs
  30 nagas
  Menkaure (D:6)
  2 acid dragons
  26 water moccasins
  2 hell hounds (Orc:2)
  2 floating eyes (D:15)
  A swamp drake (Orc:1)
  3 ice beasts
  32 orc warriors
  A sky beast (D:5)
  A necrophage (D:7)
  13 centaurs
  A boggart (D:15)
  27 wolves
  10 ogres
  3 lemures (D:7)
  4 phantoms
  3 kobold brigands
  A gnoll sergeant (Orc:1)
  3 scorpions
  11 bullfrogs
  A water moccasin zombie (D:6)
  5 killer bees (D:11)
  A troll zombie (D:9)
  6 wights
  2 howler monkeys
  5 electric eels
  A crimson imp (Orc:1)
  4 centaur zombies
  21 orc priests
  4 jellies
  2 hounds
  A bullfrog skeleton (D:7)
  Crazy Yiuf (D:7)
  An iron imp (Orc:1)
  A gnoll shaman (D:7)
  Ijyb (D:5)
  6 iguanas
  14 orc wizards
  5 hell rats (Lair:4)
  A killer bee zombie (D:6)
  7 ogre zombies (D:9)
  A hound skeleton (D:4)
  2 howler monkey zombies
  7 adders
  8 gnolls
  2 howler monkey skeletons
  A shadow imp (Orc:1)
  3 white imps
  A worm (D:2)
  4 dart slugs
  67 orcs
  4 bats
  11 endoplasms
  3 giant cockroaches
  12 goblins
  10 hobgoblins
  5 jackals (D:5)
  3 quokkas
  8 ball pythons
  4 frilled lizards
  A goblin skeleton (D:9)
  3 goblin zombies (D:9)
  A hobgoblin skeleton (D:9)
  6 hobgoblin zombies (D:9)
  17 kobolds
  2 orc skeletons (D:9)
  12 orc zombies (D:9)
  8 rats
942 creatures vanquished.

Vanquished Creatures (others)
  3 vampire mosquitoes (D:11)
  4 orc wizards
  An orc (Orc:1)
  A kobold (D:12)
  108 fungi
  145 plants
262 creatures vanquished.

Grand Total: 1204 creatures vanquished

Notes
Turn   | Place    | Note
-------+----------+-------------------------------------------
     0 | D:1      | Host24 the Kobold Hunter began the quest for the Orb.
     0 | D:1      | Reached XP level 1. HP: 12/12 MP: 1/1
    85 | D:1      | Reached skill level 5 in Crossbows
   470 | D:1      | Reached XP level 2. HP: 18/18 MP: 2/2
   839 | D:1      | Reached XP level 3. HP: 22/23 MP: 3/3
  1264 | D:1      | Found a faded altar of an unknown god.
  1628 | D:2      | Reached XP level 4. HP: 16/28 MP: 4/4
  1944 | D:2      | Found a snail-covered altar of Cheibriados.
  2898 | D:3      | Reached XP level 5. HP: 32/32 MP: 5/5
  3039 | D:3      | Reached skill level 6 in Crossbows
  3176 | D:3      | Noticed a sky beast
  3836 | D:4      | Found a staircase to the Ecumenical Temple.
  3842 | Temple   | Entered the Ecumenical Temple
  4308 | Temple   | Became a worshipper of Warmaster Okawaru
  4349 | D:4      | Noticed a necrophage
  5003 | D:4      | Reached skill level 7 in Crossbows
  5003 | D:4      | Reached XP level 6. HP: 37/37 MP: 6/6
  5372 | D:5      | Entered Level 5 of the Dungeon
  5389 | D:5      | Noticed an ogre
  5426 | D:5      | Noticed Eustachio
  5542 | D:5      | Found a transporter.
  5543 | D:5      | Noticed PaxSuburbia's ghost (weakling BaDe)
  5544 | D:5      | Identified the +6 great mace "Geutoigoul" {vorpal, SInv
                  | Stlth+}
  5544 | D:5      | Noticed an ogre
  5547 | D:5      | Found a transporter.
  5553 | D:5      | Noticed an ogre
  5566 | D:5      | Noticed Ijyb
  5583 | D:5      | Killed Ijyb
  5673 | D:5      | Reached skill level 8 in Crossbows
  5720 | D:5      | Noticed a sky beast
  5733 | D:5      | Killed a sky beast
  5733 | D:5      | Reached * piety under Okawaru
  5734 | D:5      | Reached XP level 7. HP: 16/41 MP: 7/7
  5970 | D:5      | Reached skill level 9 in Crossbows
  6913 | D:5      | Reached skill level 10 in Crossbows
  6913 | D:5      | Reached XP level 8. HP: 29/46 MP: 6/8
  7337 | D:6      | Reached ** piety under Okawaru
  7765 | D:6      | Noticed Menkaure
  8389 | D:6      | Reached skill level 5 in Invocations
  8402 | D:6      | Killed Menkaure
  9002 | D:6      | Reached XP level 9. HP: 43/50 MP: 13/13
  9666 | D:7      | Reached skill level 5 in Fighting
 10052 | D:7      | Found a runed translucent door.
 10055 | D:7      | Noticed Crazy Yiuf
 10130 | D:7      | Reached *** piety under Okawaru
 10443 | D:7      | Noticed Maggie
 10519 | D:7      | Killed Maggie
 10700 | D:7      | Reached XP level 10. HP: 55/65 MP: 15/15
 10820 | D:7      | Reached skill level 11 in Crossbows
 11481 | D:7      | Noticed Pikel
 11500 | D:7      | Killed Pikel
 11500 | D:7      | Reached **** piety under Okawaru
 11501 | D:7      | Reached skill level 12 in Crossbows
 11892 | D:7      | Killed Crazy Yiuf
 12286 | D:8      | Reached skill level 13 in Crossbows
 12567 | D:8      | Found a staircase to the Lair.
 12838 | D:8      | Received a gift from Okawaru
 12839 | D:8      | Reached skill level 14 in Crossbows
 12906 | D:8      | Found a transporter.
 12914 | D:8      | Noticed an ice statue
 13218 | D:8      | Reached XP level 11. HP: 54/71 MP: 13/16
 13572 | D:8      | Found a transporter.
 13677 | D:9      | Found Afatif's Armour Emporium.
 13924 | D:9      | Found a hazy altar of Hepliaklqana.
 14194 | D:9      | Found a staircase to the Orcish Mines.
 14494 | D:9      | Reached skill level 15 in Crossbows
 15008 | D:10     | Entered Level 10 of the Dungeon
 15009 | D:10     | Identified the +1 robe "Laequyk" {rN+ Will- Int+4}
 15523 | D:10     | Reached skill level 5 in Dodging
 15571 | D:10     | Noticed a manticore
 15688 | D:10     | Received a gift from Okawaru
 15689 | D:10     | Reached skill level 1 in Armour
 16096 | D:11     | Noticed a boulder beetle
 16160 | D:11     | Found Bymn's Book Shop.
 16727 | D:11     | Received a gift from Okawaru
 17076 | D:11     | Found the +7 staff of the Meek {protect, meekguard}
 17320 | D:12     | Noticed a two-headed ogre
 17469 | Lair:1   | Entered Level 1 of the Lair of Beasts
 17890 | Lair:1   | Reached ***** piety under Okawaru
 18108 | Lair:1   | Received a gift from Okawaru
 18680 | Lair:1   | Received a gift from Okawaru
 18681 | Lair:1   | Reached XP level 12. HP: 37/76 MP: 15/17
 19237 | Lair:2   | Reached skill level 16 in Crossbows
 19688 | Lair:2   | Noticed Nergalle
 20146 | Lair:2   | Reached skill level 17 in Crossbows
 20492 | Lair:2   | Killed Nergalle
 20541 | Lair:2   | Noticed a five-headed hydra
 20715 | Lair:2   | Noticed Gastronok
 20994 | Lair:2   | Noticed Urug
 21040 | Lair:3   | Noticed Snorg
 22307 | Lair:3   | Reached skill level 5 in Armour
 22408 | Lair:3   | Received a gift from Okawaru
 22580 | Lair:3   | Found a staircase to the Snake Pit.
 22821 | Lair:3   | Received a gift from Okawaru
 23315 | Arena    | Entered the Arena
 23382 | Lair:4   | Reached skill level 18 in Crossbows
 23632 | Lair:4   | Noticed a catoblepas
 23687 | Lair:4   | Noticed a seven-headed hydra
 23737 | Lair:4   | Received a gift from Okawaru
 24032 | Lair:4   | Reached XP level 13. HP: 57/80 MP: 18/18
 24048 | Lair:4   | HP: 3/80 [komodo dragon (16)]
 24395 | Lair:4   | Received a gift from Okawaru
 24404 | Lair:4   | Reached skill level 10 in Dodging
 24699 | Lair:4   | Noticed an eight-headed hydra
 24947 | Lair:4   | Killed a catoblepas
 25511 | Lair:5   | Reached skill level 10 in Fighting
 25612 | Lair:5   | Received a gift from Okawaru
 26293 | Lair:5   | Received a gift from Okawaru
 26320 | Lair:5   | Identified the +4 flail "Zuyluh" {flame, Str+2}
 26794 | Lair:5   | Found a runed translucent door.
 26794 | Lair:5   | Found a viscous altar of Jiyva.
 26794 | Lair:5   | Found a staircase to the Slime Pits.
 26989 | Lair:5   | Noticed an eight-headed hydra
 27145 | Lair:6   | Entered Level 6 of the Lair of Beasts
 27193 | Lair:6   | Received a gift from Okawaru
 27502 | Lair:6   | Noticed Nessos
 27521 | Lair:6   | Killed Nessos
 28183 | Lair:6   | Reached XP level 14. HP: 74/90 MP: 20/20
 28372 | Lair:6   | Identified the +5 triple crossbow of Somaadodd {elec, *Slow
                  | MP+9 Int+7} (Okawaru gifted it to you on level 6 of the
                  | Lair of Beasts)
 28372 | Lair:6   | Received a gift from Okawaru
 29863 | Lair:6   | Reached skill level 19 in Crossbows
 30084 | Lair:6   | Reached ****** piety under Okawaru
 30347 | Lair:6   | Received a gift from Okawaru
 30978 | Lair:6   | Identified the +3 ring mail of Greater Demons {-Tele Will++
                  | rCorr} (Okawaru gifted it to you on level 6 of the Lair of
                  | Beasts)
 30978 | Lair:6   | Received a gift from Okawaru
 31298 | Lair:6   | Reached skill level 20 in Crossbows
 31399 | Lair:6   | Reached XP level 15. HP: 60/96 MP: 21/21
 32394 | Lair:2   | Killed Urug
 32424 | Lair:3   | Killed Snorg
 32425 | Lair:3   | Reached skill level 21 in Crossbows
 32496 | Lair:2   | Killed Gastronok
 32648 | Lair:4   | Found a staircase to the Swamp.
 33295 | D:8      | Noticed Radamante's ghost (journeyman TrFi)
 33465 | D:11     | Identified the +7 storm dragon scales of Febes {rElec
                  | Str+3} (Okawaru gifted it to you on level 11 of the
                  | Dungeon)
 33465 | D:11     | Received a gift from Okawaru
 33688 | D:11     | Reached skill level 22 in Crossbows
 34475 | D:13     | Found a gate to the Vaults.
 34496 | D:13     | Noticed Frances
 34508 | D:13     | Killed Frances
 34705 | D:13     | Reached skill level 23 in Crossbows
 35464 | D:14     | Reached XP level 16. HP: 85/101 MP: 22/22
 35826 | D:14     | Found a glowing silver altar of Zin.
 36148 | D:15     | Entered Level 15 of the Dungeon
 36153 | D:15     | Received a gift from Okawaru
 36214 | D:15     | Found a staircase to the Depths.
 36250 | D:15     | Reached skill level 24 in Crossbows
 36283 | D:15     | Received a gift from Okawaru
 36356 | D:15     | Found Imuenaps's Book Emporium.
 36460 | D:15     | Received a gift from Okawaru
 36480 | D:15     | Identified the ring of Entrepreneurial Spirit {rPois Will+
                  | rCorr Int+4 Dex+9}
 36544 | D:15     | Found Fopharai's Jewellery Emporium.
 36548 | D:15     | Received a gift from Okawaru
 36671 | D:15     | Received a gift from Okawaru
 36672 | D:15     | Reached skill level 25 in Crossbows
 36697 | D:15     | Identified the ring of the Hungering Priest {rElec rCorr
                  | MP+9 Dex-2 SInv}
 36717 | D:15     | Found the ring of Shadows {Umbra +Inv Stlth+}
 36853 | D:15     | Identified the ring "Beelekh" {rPois rC+ Str+6 Int+7}
 36902 | D:15     | Found Vylidy's Book Emporium.
 36995 | D:15     | Found a transporter.
 37013 | D:15     | Noticed a frost giant
 37021 | D:15     | Killed a frost giant
 37021 | D:15     | Received a gift from Okawaru
 37233 | D:15     | Reached skill level 26 in Crossbows
 37240 | D:15     | Found a transporter.
 37330 | D:15     | Reached XP level 17. HP: 72/106 MP: 23/23
 37352 | D:15     | Identified the +5 arbalest of Megalomania {elec, rN+}
                  | (Okawaru gifted it to you on level 15 of the Dungeon)
 37352 | D:15     | Received a gift from Okawaru
 38268 | Orc:1    | Entered Level 1 of the Orcish Mines
 38637 | Orc:1    | Identified the +1 hat of Daygomit {+Blink Str+3}
 38876 | Orc:1    | Found Amucza's Weapon Shoppe.
 39028 | Orc:2    | Entered Level 2 of the Orcish Mines
 39174 | Orc:2    | Noticed Josephine
 39181 | Orc:2    | Killed Josephine
 39703 | Orc:2    | Noticed Maurice
 39726 | Orc:2    | Killed Maurice
 39950 | Orc:2    | Found Ufier's General Store.
 39955 | Orc:2    | Found Ituetav's Magic Scroll Shop.
 40365 | Orc:2    | Reached skill level 27 in Crossbows
 40386 | Orc:2    | Received a gift from Okawaru
 40955 | Orc:2    | Received a gift from Okawaru
 41063 | Orc:2    | Found Loduipik's Weapon Shoppe.
 41064 | Orc:2    | Noticed Donald
 41065 | Orc:2    | Noticed Azrael
 41070 | Orc:2    | Killed Donald
 41078 | Orc:2    | Killed Azrael
 41447 | Orc:2    | Found a staircase to the Elven Halls.
 41673 | Orc:2    | Found Uqus's Antique Armour Emporium.
 41673 | Orc:2    | Found Cobeusia's Jewellery Shoppe.
 41673 | Orc:2    | Found a one-way gate leading to the halls of Pandemonium.
 42204 | Snake:1  | Entered Level 1 of the Snake Pit
 42713 | Snake:1  | Received a gift from Okawaru
 43434 | Snake:1  | Reached skill level 1 in Spellcasting
 43542 | Snake:1  | Reached skill level 1 in Hexes
 43542 | Snake:1  | Reached skill level 1 in Translocations
 44310 | Snake:1  | Found Xoecugg's Book Boutique.
 44310 | Snake:1  | Found Kepeff's Book Boutique.
 44311 | Snake:1  | Found Acuighaf's Jewellery Shoppe.
 44699 | Snake:2  | Reached XP level 18. HP: 114/114 MP: 24/24
 45011 | Snake:2  | Received a gift from Okawaru
 46209 | Snake:2  | Noticed Vashnia
 46216 | Snake:2  | Received a gift from Okawaru
 48786 | Snake:4  | Entered Level 4 of the Snake Pit
 48923 | Snake:4  | Received a gift from Okawaru
 49274 | Snake:4  | HP: 4/118 [salamander (10)]
 49274 | Snake:4  | Slain by an anaconda

Illustrated notes

Levels and vault maps discovered:
D:1:      noname_arrival_rooms_in_the_neighbourhood, layout_basic,
          shapermc_ecumenical_altar_mp_urbaneastern, minmay_misc_feat_hallway
D:2:      layout_rooms, basic_altar
D:3:      layout_loops_ring
D:4:      layout_basic, minmay_temple_entry_poolview
D:5:      layout_basic, gammafunk_ghost_smash, uniq_eustachio, uniq_ijyb
D:6:      layout_basic, kennysheep_generic_room_14, uniq_menkaure
D:7:      layout_loops_corners, minmay_joined_circles, uniq_crazy_yiuf_cottage,
          uniq_maggie, uniq_pikel
D:8:      layout_cave_pods, minmay_lair_entry_grove, nzn_ghost_randoct
D:9:      layout_roguey, mainiacjoe_overflow_catwalk, zombieorc2_lemuel,
          serial_shops, nicolae_shop_behind_doors, eino_tiny_chamber
D:10:     layout_cave_pools
D:11:     layout_roguey, serial_shops, shop_fountains, lemuel_flamethrower_2
D:12:     layout_rooms
D:13:     layout_cave_pools, david_vaults_2, minmay_misc_feat_cross,
          minmay_misc_feat_pillars, uniq_frances
D:14:     layout_cave_pods, minivault_23, zin_scriptorium
D:15:     hangedman_spin_cycle
Temple:   mainiacjoe_temple_circle_huts
Lair:1:   layout_chaotic_city
Lair:2:   layout_loops_ring, serial_bayou_shore_a, uniq_gastronok, uniq_urug,
          uniq_nergalle
Lair:3:   layout_hall_layers, minmay_snake_entry_six_corridors,
          serial_bayou_lagoon_b, lemuel_fruit_tree, uniq_snorg
Lair:4:   layout_gridlike, palyth_hydra_swamp_entry
Lair:5:   hellmonk_destroyed_diamonds, layout_cellular_growth, slime_altar_2,
          grunt_forest_large_clearing_hut
Lair:6:   hangedman_lair_tendril_chambers, layout_regular_city,
          hangedman_lair_in_review, serial_bayou_shore_b, uniq_nessos
Snake:1:  layout_layer_cave, minmay_shop_grove
Snake:2:  layout_chambers, hangedman_snake_corridor_cut, uniq_vashnia
Snake:3:  layout_onion
Snake:4:  grunt_snake_rune_serpentine_throne, layout_cave_town
Orc:1:    layout_caves, serial_shops, nicolae_diamond_shop,
          hangedman_minor_magic
Orc:2:    pf_orc_diabolical, layout_caves, basic_altar, special_room,
          serial_shops, nicolae_shop_bloodbath_and_beyond, uniq_josephine,
          uniq_azrael, uniq_donald, uniq_maurice

Skill      XL: |  1  2  3  4  5  6  7  8  9 10 11 12 13 14 15 16 17 18 |
---------------+-------------------------------------------------------+-----
Crossbows      | 5 7 8 10 14 15 18 20 23 26 27 | 27.0
Fighting       | 3 8 9 11 12 13 14 | 14.9
Dodging        | 3 4 8 9 11 12 13 | 13.2
Invocations    | 6 7 8 9 |  9.0
Armour         | 3 5 7 8 |  8.0
Spellcasting   | 2 4 |  4.7
Hexes          | 2 4 |  4.7
Translocations | 2 4 |  4.6
Stealth        | |  1.3

Action                   |  1- 3 |  4- 6 |  7- 9 | 10-12 | 13-15 | 16-18 || total
-------------------------+-------+-------+-------+-------+-------+-------++-------
Melee: Short sword       |    90 |   186 |   232 |    85 |       |       ||   593
       Punch             |     3 |     4 |     5 |     7 |       |       ||    19
       Long sword        |       |       |     5 |   207 |       |       ||   212
       Trident           |       |       |       |   296 |   107 |       ||   403
       Quarterstaff      |       |       |       |   190 |   583 |   425 ||  1198
       Hand crossbow     |       |       |       |    19 |       |       ||    19
 Fire: Hand crossbow     |     6 |    60 |   157 |   376 |   218 |       ||   817
       Triple crossbow   |       |       |       |       |   378 |   930 ||  1308
Throw: Stone             |       |     2 |       |     1 |     1 |     5 ||     9
Invok: Heroism           |       |       |     6 |    14 |    16 |     4 ||    40
       Finesse           |       |       |       |     2 |     3 |    10 ||    15
       Duel              |       |       |       |     1 |       |       ||     1
  Use: Potion            |       |     1 |     2 |     5 |     3 |    13 ||    24
       Scroll            |       |       |     5 |    20 |     4 |     6 ||    35
 Stab: Sleeping          |     8 |    12 |     2 |    10 |     1 |       ||    33
       Distracted        |       |       |       |       |     2 |       ||     2
Armor: Leather armour    |    10 |    48 |   119 |       |       |       ||   177
       Steam dragon scal |       |       |     5 |   376 |   313 |       ||   694
       Troll leather arm |       |       |       |       |    39 |    91 ||   130
       Storm dragon scal |       |       |       |       |       |   390 ||   390
Dodge: Dodged            |    64 |   177 |   309 |  1092 |  1248 |  1202 ||  4092
Block: Other             |       |       |    42 |   265 |   306 |   317 ||   930
       Reflection        |       |       |     1 |     5 |     7 |    17 ||    30
